 Dungeon Crawl Stone Soup version 0.29.0-4-gdea44cf6ec (webtiles) character file.

Game seed: 5489638121868181775

77 qw the Sneak (level 4, -1/28 HPs)
             Began as a Gargoyle Delver on Sept 10, 2022.
             Slain by a shadow (7 damage)
             ... on level 5 of the Dungeon.
             The game lasted 00:00:05 (199 turns).

qw the Sneak (Gargoyle Delver)                       Turns: 199, Time: 00:00:05

Health: -1/28      AC:  6    Str: 17    XL:     4   Next: 33%
Magic:  4/4        EV: 11    Int: 11    God:
Gold:   0          SH:  0    Dex: 11    Spells: 3/3 levels left

rFire   . . .      SeeInvis .   a - +0 hand axe
rCold   . . .      Faith    .   (no shield)
rNeg    + . .      Spirit   .   b - +0 leather armour
rPois   inf        Reflect  .   (no helmet)
rElec   +          Harm     .   (no cloak)
rCorr   .          Rampage  .   (no gloves)
Will    .....                   (no boots)
Stlth   +++.......              (no amulet)
HPRegen 0.09/turn               (no ring)
MPRegen 0.09/turn               (no ring)

@: no status effects
A: sickness immunity, AC +3, negative energy resistance 1, electricity
resistance, torment resistance 1, petrification resistance
a: no special abilities


You were on level 5 of the Dungeon.
You visited 1 branch of the dungeon, and saw 1 of its levels.


Innate Abilities, Weirdness & Mutations

You are immune to sickness and miasma.
Your stone body is resilient. (AC +3)
You are immune to poison.
You resist negative energy. (rN+)
You are resistant to electric shocks. (rElec)
You are resistant to unholy torment.
You are immune to petrification.


   Skills:
 - Level 3.2 Fighting
 + Level 4.0 Axes
 - Level 1.5 Dodging
 - Level 5.4 Stealth


You had 3 spell levels left.
You didn't know any spells.
Your spell library was empty.

Inventory:

Hand Weapons
 a - a +0 hand axe (weapon)
Armour
 b - a +0 leather armour (worn)
 i - a +0 pair of boots
Wands
 g - a wand of digging (3)
Scrolls
 c - a scroll of fog
 d - a scroll of magic mapping
 e - a scroll of fear
Potions
 f - a potion of haste
 h - 2 potions of heal wounds {unknown}

Dungeon Overview and Level Annotations

Branches:
Dungeon (5/15)
 Temple: D:4-7

Altars:


Message History

The hound is almost dead.
The hound bites you. The hound bites you but does no damage.
You hit the hound but do no damage.
The hound is almost dead.
The hound closely misses you.
You hit the hound.
You kill the hound!
You have reached level 4!
You feel clever.
You start resting.
An iguana comes into view.
95 ||| Stepping ~*~*~tactically~*~*~ (stealth).
An adder comes into view.
You miss the adder. The adder bites you but does no damage.
The adder bites you.
You hit the adder.
The adder is lightly wounded.
The adder bites you.
You hit the adder.
The adder is severely wounded.
The adder barely misses you. The adder bites you but does no damage.
You hit the adder.
You kill the adder!
Your Axes skill increases to level 4!
You start resting.
A shadow comes into view.
189 ||| Stepping ~*~*~tactically~*~*~ (stealth).
You start resting.
A shadow is nearby!
193 ||| Stepping ~*~*~tactically~*~*~ (stealth).
You strike the helpless shadow from behind!
You hit the shadow but do no damage. The shadow barely misses you.
You closely miss the shadow. The shadow hits you.
You closely miss the shadow. Your punch misses the shadow. The shadow hits you.
You hit the shadow.
The shadow is moderately damaged.
The shadow hits you!
You die...

#...# #...#
######...#######
W...............
l..............
.$.............
#...# #W..# #@%.#
##...# #....#
###....# #......#
### #.#.##.#
.....#####.#.##.##
#...............
#.####...#.##.##


You could see a shadow.

Vanquished Creatures
  A howler monkey (D:5)
  A hound (D:5)
  An adder (D:5)
3 creatures vanquished.

Notes
Turn   | Place    | Note
-------+----------+-------------------------------------------
     0 | D:5      | qw the Gargoyle Delver began the quest for the Orb.
     0 | D:5      | Reached XP level 1. HP: 14/14 MP: 1/1
     0 | D:5      | 0 ||| qw: Version: 0.1-a-116-g5d60599
     0 | D:5      | 0 ||| qw: Game counter: 8635
     0 | D:5      | 0 ||| qw: Always use a shield: true
     0 | D:5      | 0 ||| qw: God list: Okawaru
     0 | D:5      | 0 ||| qw: Allow faded altars: false
     0 | D:5      | 0 ||| qw: Do Orc after D:15 true
     0 | D:5      | 0 ||| qw: Do second Lair branch before Depths: true
     0 | D:5      | 0 ||| qw: Lair rune preference: random
     0 | D:5      | 0 ||| qw: Plans: Normal
     0 | D:5      | 0 ||| PLANNING D:1-11
    49 | D:5      | Noticed a howler monkey
    64 | D:5      | Noticed a hound
    65 | D:5      | Killed a howler monkey
    66 | D:5      | Reached skill level 3 in Axes
    66 | D:5      | Reached XP level 2. HP: 7/19 MP: 2/2
    66 | D:5      | Reached XP level 3. HP: 9/23 MP: 3/3
    72 | D:5      | HP: 4/23 [hound (2)]
    75 | D:5      | Reached XP level 4. HP: 6/28 MP: 4/4
    95 | D:5      | 95 ||| Stepping ~*~*~tactically~*~*~ (stealth).
   101 | D:5      | HP: 6/28 [adder (2)]
   188 | D:5      | Noticed a shadow
   189 | D:5      | 189 ||| Stepping ~*~*~tactically~*~*~ (stealth).
   193 | D:5      | 193 ||| Stepping ~*~*~tactically~*~*~ (stealth).
   197 | D:5      | HP: 6/28 [shadow (6)]
   199 | D:5      | Slain by a shadow

Levels and vault maps discovered:
D:5:      layout_loops_cross

Skill      XL: |  1  2  3  4 |
---------------+-------------+-----
Axes           | 3 4 |  4.0
Fighting       | |  3.2
Dodging        | |  1.5
Stealth        | |  5.4

Action                   |  1- 3 |  4- 6 || total
-------------------------+-------+-------++-------
Melee: Hand axe          |    15 |     8 ||    23
 Stab: Distracted        |       |     1 ||     1
Armor: Leather armour    |     4 |     3 ||     7
Dodge: Dodged            |    10 |     2 ||    12

Table legend:
 A = Non-vault XP
 B = Vault XP
 C = Vault XP percentage of total XP
 D = Non-vault monster count
 E = Vault monster count
 F = Vault count percentage of total count
                 A         B        C        D         E       F
            +---------+---------+-------+---------+---------+-------
      Total |     110 |       0 |   0.0 |       3 |       0 |   0.0
            +---------+---------+-------+---------+---------+-------
        D:5 |     110 |       0 |   0.0 |       3 |       0 |   0.0
            +---------+---------+-------+---------+---------+-------
